 Dungeon Crawl Stone Soup version 0.23.1 (webtiles) character file.

Game seed: 9279380933880050069

235 Delanovic the Charmwright (level 6, -12/40 (41) HPs)
             Began as a Halfling Skald on Mar 2, 2019.
             Mangled by an ogre
             ... wielding a +0 giant spiked club
              (29 damage)
             ... on level 4 of the Dungeon.
             The game lasted 00:04:32 (3397 turns).

Delanovic the Charmwright (Halfling Skald)          Turns: 3397, Time: 00:04:34

HP:   -12/40 (41)   AC:  3    Str: 12    XL:     6   Next: 26%
MP:   0/9           EV: 16    Int: 11    God:
Gold: 138           SH:  0    Dex: 16    Spells: 4/9 levels left

rFire    + . .     SeeInvis .   a - +0 falchion
rCold    + . .     Gourm    .   (shield restricted)
rNeg     . . .     Faith    .   b - +0 leather armour
rPois    .         Spirit   +   (no helmet)
rElec    .         Reflect  .   (no cloak)
rCorr    .         Harm     .   (no gloves)
MR       .....                  (no boots)
Stlth    +.........             o - amulet of guardian spirit
HPRegen  0.13/turn              f - ring of protection from fire
MPRegen  0.11/turn              l - ring of protection from cold

@: very slightly contaminated
A: small, mutation resistance 1
a: no special abilities


You were on level 4 of the Dungeon.
You were very hungry.

You visited 1 branch of the dungeon, and saw 4 of its levels.

You collected 138 gold pieces.

Inventory:

Hand Weapons
 a - a +0 falchion (weapon)
Armour
 b - a +0 leather armour (worn)
Jewellery
 f - a ring of protection from fire (left hand)
 l - a ring of protection from cold (right hand)
 o - an amulet of guardian spirit (around neck)
Scrolls
 m - a scroll of noise {unknown}
 n - a scroll of magic mapping {unknown}
Potions
 c - a potion of mutation {unknown}
 e - 2 potions of ambrosia {unknown}
 g - a potion of agility
 h - 3 potions of lignification {unknown}
 i - a potion of curing {unknown}
 k - a potion of flight {unknown}
Comestibles
 d - 8 rations


   Skills:
 + Level 2.9 Fighting
 + Level 3.1 Long Blades
 - Level 1.1 Armour
 + Level 3.5 Dodging
 - Level 2.0 Spellcasting
 + Level 4.3 Charms
 + Level 1.8 Translocations


You had 4 spell levels left.
You knew the following spells:

 Your Spells              Type           Power        Failure   Level  Hunger
a - Infusion              Chrm           ##..         6%          1    ##.....
b - Song of Slaying       Chrm           ##......     10%         2    ###....
c - Shroud of Golubria    Chrm/Tloc      #.........   16%         2    ###....

Your spell library contained the following spells:

 Spells                   Type           Power        Failure   Level  Hunger
 Apportation              Tloc           #.....       17%         1    ##.....
 Animate Skeleton         Necr           N/A          36%         1    ##.....
 Confusing Touch          Hex            #.....       36%         1    ##.....
 Summon Small Mammal      Summ           #...         36%         1    ##.....
 Regeneration             Chrm/Necr      #.........   41%         3    ####...
 Spectral Weapon          Hex/Chrm       #.......     41%         3    ####...


Dungeon Overview and Level Annotations

Branches:
Dungeon (4/15)
 Temple: D:4-7

Altars:
Uskayaw


Innate Abilities, Weirdness & Mutations

You are small and have problems with some larger weapons.
You are somewhat resistant to further mutation.


Message History

You are very lightly contaminated with residual magic.
You feel a strange surge of energy! The ogre barely misses you.
You riposte.
You barely miss the ogre. You closely miss the ogre. You hit the ogre.
The ogre is lightly wounded.
The ogre closely misses you.
You hit the ogre.
The ogre is moderately wounded.
The ogre barely misses you.
You hit the ogre.
The ogre is heavily wounded.
The ogre hits you with a +0 giant spiked club!!
Ouch! That really hurt!
You are too injured to fight recklessly!
You barely miss the ogre.
The ogre is heavily wounded.
The ogre hits you with a +0 giant spiked club!!
Ouch! That really hurt!
You die...

#. #.# #. #.# #. #.# #.
#.# #. #.# #. #.# #. #O#
#. #########@# #.
#.........# #.
#.#######################.
#.........................
#.#######################.
### ##


You could see an ogre.

Vanquished Creatures
  A necrophage (D:3)
  An iguana (D:3)
  4 adders (D:3)
  3 worms (D:2)
  A dart slug (D:3)
  An orc (D:3)
  4 giant cockroaches
  13 hobgoblins
  9 jackals
  A quokka (D:2)
  2 ball pythons
  6 bats
  8 frilled lizards
  9 goblins
  5 kobolds
  4 rats
72 creatures vanquished.

Notes
Turn   | Place    | Note
-------+----------+-------------------------------------------
     0 | D:1      | Delanovic the Halfling Skald began the quest for the Orb.
     0 | D:1      | Reached XP level 1. HP: 14/14 MP: 3/3
   198 | D:1      | Reached XP level 2. HP: 15/19 MP: 4/4
   996 | D:2      | Learned a level 2 spell: Song of Slaying
  1013 | D:2      | Reached XP level 3. HP: 22/24 MP: 0/5
  1823 | D:2      | Reached XP level 4. HP: 29/29 MP: 2/7
  2030 | D:2      | Learned a level 2 spell: Shroud of Golubria
  2241 | D:3      | Noticed a necrophage
  2255 | D:3      | Killed a necrophage
  2255 | D:3      | Reached skill level 4 in Charms
  2255 | D:3      | Reached skill level 1 in Translocations
  2255 | D:3      | Reached XP level 5. HP: 32/34 MP: 0/8
  2814 | D:3      | Found a hide-covered altar of Uskayaw.
  2819 | D:3      | Reached XP level 6. HP: 40/40 MP: 6/9
  3390 | D:4      | Noticed an ogre
  3397 | D:4      | Mangled by an ogre

Skill      XL: |  1  2  3  4  5 |
---------------+----------------+-----
Fighting       | 2 |  2.9
Spellcasting   | 2 |  2.0
Dodging        | 3 |  3.5
Charms         | 4 |  4.3
Translocations | 1 |  1.8
Long Blades    | 3 |  3.1
Armour         | |  1.1

Action                   |  1- 3 |  4- 6 || total
-------------------------+-------+-------++-------
Melee: Falchion          |    96 |   110 ||   206
 Cast: Infusion          |    10 |     9 ||    19
       Song of Slaying   |       |     5 ||     5
       Shroud of Golubri |       |     1 ||     1
  Use: Scroll            |     1 |     1 ||     2
 Stab: Sleeping          |       |     1 ||     1
  Eat: Chunk             |     3 |     5 ||     8
Armor: Leather armour    |    20 |    23 ||    43
Dodge: Dodged            |    63 |   106 ||   169
       Rpst.: Falchion   |    24 |    49 ||    73
